 Dungeon Crawl Stone Soup version 0.20.1-1-g8b1a95d (webtiles) character file.

36026 dvd the Cleaver (level 13, -7/102 HPs)
             Began as a Demigod Earth Elementalist on Sept 3, 2017.
             Mangled by a sun demon (13 damage)
             ... on level 6 of the Lair of Beasts.
             The game lasted 00:57:17 (17656 turns).

dvd the Cleaver (Demigod Earth Elementalist)       Turns: 17656, Time: 00:57:18

Health: -7/102     AC: 19    Str: 18    XL:     13   Next: 19%
Magic:  3/33       EV: 15    Int: 23    God:
Gold:   1029       SH:  0    Dex: 23    Spells: 18/31 levels left

rFire    + . .     SeeInvis +   u - +8 broad axe of Punishment {flame, rPois MR+}
rCold    . . .     Gourm    .   (no shield)
rNeg     . . .     Faith    .   L - +4 ring mail of Pebeidwa {rElec rF+ rC- Str+3}
rPois    +         Spirit   .   N - +2 hat
rElec    +         Reflect  .   c - +2 cloak {rPois}
rCorr    .         Harm     .   (no gloves)
MR       ++...                  (no boots)
Stlth    +++.......             (no amulet)
Regen    0.3/turn               h - +4 ring of protection
MPRegen  0.3/turn               B - +5 ring of dexterity

@: lethally poisoned (-7 -> -8), about to teleport, very slightly contaminated
A: see invisible, agile 1, cold resistance 1, high mp 2
a: no special abilities


You were on level 6 of the Lair of Beasts.
You were very hungry.

You visited 2 branches of the dungeon, and saw 15 of its levels.
You also visited: Ossuary.

You collected 1029 gold pieces.

Inventory:

Hand Weapons
 u - the +8 broad axe of Punishment (weapon) {flame, rPois MR+}
   (You found it on level 7 of the Dungeon)

   It has been specially enchanted to burn those struck by it, causing extra
   injury to most foes and up to half again as much damage against particularly
   susceptible opponents.
   Big, fiery blades are also staple armaments of hydra-hunters.
   It protects you from poison.
   It affects your resistance to hostile enchantments.
Missiles
 b - 262 stones (quivered)
Armour
 c - a +2 cloak of poison resistance (worn)
 o - a +0 helmet
 L - the +4 ring mail of Pebeidwa (worn) {rElec rF+ rC- Str+3}
   (You found it on level 7 of the Dungeon)

   It affects your strength (+3).
   It protects you from fire.
   It makes you vulnerable to cold.
   It insulates you from electricity.
 N - a +2 hat (worn)
Jewellery
 h - a +4 ring of protection (left hand)
 t - an uncursed ring of stealth
 y - a +2 ring of intelligence
 B - a +5 ring of dexterity (right hand)
 P - an uncursed ring of protection from cold
Wands
 r - a wand of iceblast (8/15)
 s - a wand of flame (10/48)
 w - a wand of iceblast (15/15)
 A - a wand of digging (11/24)
 C - a wand of random effects (15/48)
 H - a wand of digging (12/24)
 I - a wand of digging (4/24)
 J - a wand of polymorph (15/24)
 O - a wand of lightning (1/15)
Scrolls
 a - 12 scrolls of remove curse
 g - 11 scrolls of identify
 i - a scroll of blinking
 l - 6 scrolls of teleportation
 n - 5 scrolls of amnesia
 q - 3 scrolls of fear
 z - a scroll of recharging
 K - 2 scrolls of enchant weapon
 R - a scroll of enchant armour
Potions
 f - 6 potions of heal wounds
 m - 6 potions of mutation
 p - 6 potions of curing
 D - a potion of lignification
 E - 3 potions of ambrosia
 F - a potion of flight
 M - a potion of invisibility
Books
 e - a book of Geomancy

   Spells                             Type                      Level
   a - Sandblast                      Earth                        1
   b - Passwall                       Transmutation/Earth          2
   c - Stone Arrow                    Conjuration/Earth            3
   d - Petrify                        Transmutation/Earth          4
   e - Lee's Rapid Deconstruction     Earth                        5
Comestibles
 d - 8 bread rations
 j - 7 meat rations
 k - 4 royal jellies
 v - 23 fruits
 x - 4 chunks of flesh


   Skills:
 + Level 6.2 Fighting
 + Level 10.4(10.7) Axes
   Level 4.1(7.9) Maces & Flails
 + Level 5.6 Armour
 + Level 5.3 Dodging
 + Level 6.2 Stealth
 + Level 9.5 Spellcasting
 + Level 5.2 Conjurations
 + Level 2.4 Transmutations
 + Level 9.3 Earth Magic
 + Level 0.5 Evocations


You had 18 spell levels left.
You knew the following spells:

 Your Spells              Type           Power        Failure   Level  Hunger
a - Sandblast             Erth           ######       1%          1    None
b - Stone Arrow           Conj/Erth      #####.       1%          3    None
c - Petrify               Tmut/Erth      #####...     9%          4    ##.....
d - Lee's Rapid Deconstr  Erth           ######....   6%          5    ####...


Dungeon Overview and Level Annotations

Branches:
Dungeon (9/15)             Temple (0/1) D:6            Lair (6/6) D:8
  Swamp (0/4) Lair:3        Snake (0/4) Lair:4
  Slime: Lair:5-6       Orc: D:9-12

Shops:
D:4 }

Annotations:
D:7 Zedayar's ghost, amateur TrBe
D:9 simples's ghost, novice TrMo
Lair:3 exclusion: ice statue


Innate Abilities, Weirdness & Mutations

You have a considerably increased reservoir of magic. (+20% MP)
You have supernaturally acute eyesight. (SInv)
You are agile. (Dex +2)
Your flesh is cold resistant. (rC+)


Message History

The hell hound is moderately wounded.
The blast of rock fragments hits the orange demon.
The orange demon is heavily wounded.
You are feeling very hungry.
The sun demon hits you!
You are engulfed in flames!
You resist.
Unknown command.
Unknown command.
You feel sick.
As you read the scroll of teleportation, it crumbles to dust.
You feel strangely unstable.
You feel sick. The sun demon hits you!!
* * * LOW HITPOINT WARNING * * *
You are engulfed in flames!
You resist.
* * * LOW HITPOINT WARNING * * *
Unknown command.
You feel much better. The sun demon hits you!
* * * LOW HITPOINT WARNING * * *
You are engulfed in flames!
You resist.
* * * LOW HITPOINT WARNING * * *
The sun demon hits you!
You die...

♣♣.♣ ♣♣.♣♣ ♣♣.♣ ♣♣...♣♣
♣♣..♣♣ ♣.....♣♣♣
♣♣♣♣....♣♣ ♣♣♣..♣♣..♣♣♣
Y..Y.♣..(♣♣♣
♣♣...♣♣♣♣♣..♣♣
...♣♣♣♣.♣..♣♣♣♣
♣♣♣♣...♣♣ ♣♣♣..
♣♣♣♣♣♣..♣♣♣...♣♣♣....♣♣♣
♣♣♣. ♣♣..♣♣ ♣♣..÷....♣♣♣
♣..÷ ♣♣..♣♣ ♣♣.♣♣@♣♣♣
######' ♣♣..♣♣♣
♣♣♣♣♣3#########......
♣..♣..♣♣
♣#44......#...8..
♣♣..♣♣..♣
#hh).8...'......
♣..♣♣♣♣.♣♣
#.44#.8..####### ..♣♣
♣..♣♣ #..#.8...# .....
♣♣♣ ♣♣...♣
#...8.#..#4..... ♣
♣....♣ #..8.#)..444h._.
♣...♣♣ #...8.8..#....h.


You could see a sun demon, an orange demon, a hellwing, an ice devil, a red
devil and 2 hell hounds.

Vanquished Creatures
  5 hydras
  2 death yaks (Lair:6)
  A two-headed ogre (D:8)
  A wizard (Lair:6)
  5 black mambas
  9 elephants
  8 spiny frogs
  2 torpor snails (Lair:6)
  2 orange demons (Lair:6)
  6 rime drakes
  A komodo dragon (Lair:2)
  A red devil (Lair:6)
  Grinder (D:5)
  A polar bear (Lair:6)
  13 blink frogs
  9 hippogriffs
  5 dream sheep (Lair:4)
  Sigmund (D:6)
  38 yaks
  A basilisk (Lair:6)
  2 wyverns
  A steam dragon (Lair:3)
  6 porcupines
  20 water moccasins
  3 hell hounds
  2 sky beasts
  2 phantoms
  9 ice beasts (Lair:3)
  4 ogres
  2 centaurs
  15 crocodiles
  3 big kobolds
  11 bullfrogs
  An elf skeleton (D:6)
  2 scorpions
  6 killer bees (D:8)
  4 electric eels
  2 howler monkeys
  4 crimson imps
  A jelly (Lair:6)
  3 orc priests
  2 bullfrog skeletons
  3 hounds
  5 orc wizards
  2 centaur skeletons
  Jessica (D:2)
  3 iguanas
  A human skeleton (D:6)
  6 worker ants
  6 big kobold zombies (Ossuary)
  A mummy (Ossuary)
  A hound zombie (D:5)
  2 howler monkey skeletons
  18 adders
  4 gnolls (D:3)
  5 shadow imps
  A white imp (Lair:3)
  3 oozes
  2 adder skeletons
  7 dart slugs
  3 worms
  4 leopard geckos
  28 orcs
  3 spectral bats (Ossuary)
  3 ball pythons
  8 giant cockroaches
  6 gnoll zombies (Ossuary)
  11 goblins
  10 hobgoblins
  13 jackals
  5 quokkas
  9 bats
  A bat simulacrum (Ossuary)
  3 frilled lizards
  4 goblin simulacra (Ossuary)
  9 goblin zombies (Ossuary)
  3 hobgoblin zombies (Ossuary)
  15 kobolds
  3 kobold simulacra (Ossuary)
  5 kobold zombies (Ossuary)
  2 orc skeletons (D:6)
  3 orc zombies
  2 quokka skeletons
  A quokka zombie (D:8)
  6 rats
  3 rat simulacra (Ossuary)
  4 spectral goblins (Ossuary)
  A spectral kobold (Ossuary)
  4 spectral rats (Ossuary)
  5 fungi
  A plant (Lair:4)
466 creatures vanquished.

Vanquished Creatures (others)
  19 fungi
  8 plants
27 creatures vanquished.

Grand Total: 493 creatures vanquished

Notes
Turn   | Place    | Note
-------+----------+-------------------------------------------
     0 | D:1      | dvd the Demigod Earth Elementalist began the quest for the Orb.
     0 | D:1      | Reached XP level 1. HP: 14/14 MP: 5/5
   183 | D:1      | You fall through a shaft!
   254 | D:1      | Reached XP level 2. HP: 20/20 MP: 4/7
   686 | D:1      | Reached XP level 3. HP: 13/26 MP: 1/9
   996 | D:1      | Learned a level 3 spell: Stone Arrow
  1400 | D:2      | Reached XP level 4. HP: 29/33 MP: 6/11
  1626 | D:2      | Noticed Jessica
  1631 | D:2      | Killed Jessica
  1635 | D:2      | Found a faded altar of an unknown god.
  2352 | D:3      | Reached XP level 5. HP: 38/38 MP: 8/12
  2969 | D:3      | Reached skill level 1 in Maces & Flails
  2983 | D:3      | Reached XP level 6. HP: 37/46 MP: 6/15
  3070 | D:3      | Found a bloodstained altar of Trog.
  3524 | D:4      | Reached skill level 1 in Conjurations
  3531 | D:4      | Learned a level 4 spell: Petrify
  3747 | D:4      | Reached XP level 7. HP: 51/51 MP: 17/17
  3834 | D:4      | Found Wopum's Gadget Boutique.
  3866 | D:4      | Reached skill level 1 in Fighting
  4020 | D:4      | Reached skill level 5 in Spellcasting
  4020 | D:4      | Reached skill level 5 in Earth Magic
  4407 | D:5      | Entered Level 5 of the Dungeon
  4417 | D:5      | Noticed Grinder
  4969 | D:5      | Killed Grinder
  5368 | D:6      | Reached XP level 8. HP: 21/59 MP: 13/19
  5718 | D:6      | Found a sand-covered staircase.
  5863 | Ossuary  | Entered an ossuary
  6372 | D:6      | Noticed Sigmund
  6379 | D:6      | Killed Sigmund
  6404 | D:6      | Gained mutation: You are agile. (Dex +2) [potion of mutation]
  6404 | D:6      | Gained mutation: You have supernaturally acute eyesight. (SInv) [potion of mutation]
  6404 | D:6      | Gained mutation: You have a considerably increased reservoir of magic. (+20% MP) [potion of mutation]
  6404 | D:6      | Gained mutation: Your flesh is cold resistant. (rC+) [potion of mutation]
  6421 | D:6      | Found a staircase to the Ecumenical Temple.
  6763 | D:6      | Learned a level 5 spell: Lee's Rapid Deconstruction
  6947 | D:7      | Got an ichor-stained broad axe
  6948 | D:7      | Identified the +8 broad axe of Punishment {flame, rPois MR+} (You found it on level 7 of the Dungeon)
  6970 | D:7      | Found a hide-covered altar of Uskayaw.
  7025 | D:7      | Reached XP level 9. HP: 64/67 MP: 23/23
  7074 | D:7      | Noticed Zedayar's ghost (amateur TrBe)
  7175 | D:7      | Reached skill level 1 in Axes
  7382 | D:7      | Found a snail-covered altar of Cheibriados.
  7391 | D:7      | Got a spiked ring mail
  7402 | D:7      | Identified the +4 ring mail of Pebeidwa {rElec rF+ rC- Str+3} (You found it on level 7 of the Dungeon)
  7655 | D:8      | Reached skill level 2 in Axes
  7849 | D:8      | Noticed a two-headed ogre
  7856 | D:8      | Killed a two-headed ogre
  7856 | D:8      | Reached skill level 3 in Axes
  7856 | D:8      | Reached skill level 1 in Armour
  8097 | D:8      | Found a staircase to the Lair.
  8128 | D:8      | Found a transporter.
  8344 | D:8      | Found a transporter.
  8360 | D:8      | Reached skill level 4 in Axes
  9056 | D:9      | Reached XP level 10. HP: 77/77 MP: 19/26
  9142 | D:9      | Noticed simples's ghost (novice TrMo)
  9688 | Lair:1   | Entered Level 1 of the Lair of Beasts
  9700 | Lair:1   | Reached skill level 5 in Axes
  9764 | Lair:1   | Identified a scroll of acquirement
 10137 | Lair:1   | Noticed a black mamba
 10144 | Lair:1   | Killed a black mamba
 10517 | Lair:2   | Reached skill level 6 in Axes
 10520 | Lair:2   | Reached skill level 1 in Transmutations
 11052 | Lair:2   | Noticed an eight-headed hydra
 11061 | Lair:2   | Killed a four-headed hydra
 11061 | Lair:2   | Reached XP level 11. HP: 63/83 MP: 25/28
 11430 | Lair:2   | Reached skill level 7 in Axes
 12163 | Lair:3   | Found a staircase to the Swamp.
 12256 | Lair:3   | Noticed a six-headed hydra
 12262 | Lair:3   | Killed a three-headed hydra
 12953 | Lair:4   | Reached skill level 8 in Axes
 13142 | Lair:4   | Found a staircase to the Snake Pit.
 13338 | Lair:4   | Reached skill level 5 in Fighting
 14323 | Lair:5   | Reached XP level 12. HP: 94/94 MP: 27/31
 14500 | Lair:5   | Reached skill level 5 in Dodging
 14591 | Lair:5   | Reached skill level 5 in Stealth
 15049 | Lair:5   | Reached skill level 9 in Axes
 15593 | Lair:5   | Reached skill level 5 in Armour
 15914 | Lair:6   | Entered Level 6 of the Lair of Beasts
 15944 | Lair:6   | Noticed a four-headed hydra
 15955 | Lair:6   | Killed a one-headed hydra
 16362 | Lair:6   | Reached skill level 5 in Conjurations
 16366 | Lair:6   | Noticed an eight-headed hydra
 16382 | Lair:6   | Killed a two-headed hydra
 16382 | Lair:6   | Reached skill level 10 in Axes
 16762 | Lair:6   | Reached XP level 13. HP: 42/102 MP: 20/33
 17629 | Lair:6   | Found a burning altar of Makhleb.
 17656 | Lair:6   | Mangled by a sun demon

Skill      XL: |  1  2  3  4  5  6  7  8  9 10 11 12 13 |
---------------+----------------------------------------+-----
Stealth        | 2 3 4 6 |  6.2
Earth Magic    | 3 4 5 6 7 8 9 |  9.3
Spellcasting   | 2 3 4 5 6 7 8 9 |  9.5
Dodging        | 2 3 4 5 |  5.3
Maces & Flails | 1 2 4 |  4.1
Conjurations   | 1 2 3 4 5 |  5.2
Fighting       | 1 3 5 6 |  6.2
Axes           | 4 6 8 10 | 10.4
Armour         | 2 3 4 5 |  5.6
Transmutations | 1 2 |  2.4
Evocations     | |  0.5

Action                   |  1- 3 |  4- 6 |  7- 9 | 10-12 | 13-15 || total
-------------------------+-------+-------+-------+-------+-------++-------
Melee: Unarmed           |     7 |       |       |       |       ||     7
       Club              |    13 |    13 |       |       |       ||    26
       Whip              |       |    71 |   236 |       |       ||   307
       Broad axe         |       |       |    72 |   341 |    36 ||   449
 Cast: Sandblast         |    58 |    74 |    51 |     8 |       ||   191
       Stone Arrow       |     4 |    20 |    85 |   113 |    13 ||   235
       Petrify           |       |       |     3 |    13 |     2 ||    18
       Lee's Rapid Decon |       |       |       |    49 |     7 ||    56
Evoke: Wand              |       |       |     8 |     2 |       ||    10
  Use: Scroll            |       |       |     5 |    10 |     3 ||    18
       Potion            |       |       |     3 |     9 |     4 ||    16
 Stab: Sleeping          |     5 |     1 |    24 |       |       ||    30
       Petrifying        |       |       |     1 |       |     1 ||     2
       Petrified         |       |       |     1 |    27 |     3 ||    31
       Invisible         |       |       |       |     3 |       ||     3
  Eat: Chunk             |     3 |     9 |    19 |    37 |     3 ||    71
       Fruit             |       |       |     1 |       |       ||     1
Armor: Robe              |     8 |    28 |    75 |       |       ||   111
       Ring mail         |       |       |    26 |   180 |    15 ||   221
Dodge: Dodged            |    28 |    88 |   245 |   314 |    35 ||   710
